 Dungeon Crawl Stone Soup version 0.31.0-2-g5a2aebc5c2 (webtiles) character file.

Game seed: 16282565880513861200

4 Akhenaten the Apothecary (level 1, 11/15 HPs)
             Began as a Djinni Fire Elementalist on Jan 21, 2024.
             Quit the game on level 1 of the Dungeon.
             The game lasted 00:00:37 (163 turns).

Akhenaten the Apothecary (Djinni Fire Elementalist)  Turns: 163, Time: 00:00:38

Health: 11/15      AC:  2    Str:  7    XL:     1   Next: 66%
Gold:   0          EV: 12    Int: 16    God:
                   SH:  0    Dex: 13

rFire   + + .        (no weapon)
rCold   x . .        (no shield)
rNeg    . . .        a - +0 robe
rPois   ∞            (no helmet)
rElec   .            (no cloak)
rCorr   .            (no gloves)
SInv    .            (boots unavailable)
Will    .....        (no amulet)
Stlth   ++           (no ring)
HPRegen 0.22/turn    (no ring)
MPRegen 0.00/turn

%: no passive effects
@: flying
A: sickness immunity, fire resistance 2, cold vulnerability 1, float, innate
caster, HP casting, extra vitality 1
a: no special abilities


You were on level 1 of the Dungeon.
You visited 1 branch of the dungeon, and saw 1 of its levels.

Inventory:

Armour
 a - a +0 robe (worn)
Scrolls
 b - a scroll of teleportation {unknown}


   Skills:
 * Level 2.1 Dodging
 * Level 1.5 Stealth
 * Level 3.1 Spellcasting
 * Level 3.1 Conjurations
 * Level 3.1 Hexes
 * Level 3.1 Summonings
 * Level 3.1 Necromancy
 * Level 3.1 Translocations
 * Level 3.1 Fire Magic
 * Level 3.1 Ice Magic
 * Level 3.1 Air Magic
 * Level 3.1 Earth Magic
 * Level 3.1 Alchemy


You knew the following spells:

 Your Spells              Type           Power      Damage    Failure   Level
a - Foxfire               Conj/Fire      48%        2x1d6     5%          1
b - Scorch                Fire           24%        2d6       8%          2
c - Volatile Blastmotes   Fire/Tloc      24%        2d12      16%         3
d - Inner Flame           Hex/Fire       12%        N/A       16%         3
e - Flame Wave            Conj/Fire      12%        2d6       45%         4
Your spell library was empty.

Dungeon Overview and Level Annotations

Branches:
Dungeon (1/15)

Altars:


Innate Abilities, Weirdness & Mutations

You are immune to sickness and miasma.
You are immune to poison.
Your flesh is very heat resistant. (rF++)
You are vulnerable to cold. (rC-)
You float through the air rather than walking.
You learn spells naturally, not from books.
Your magical power is your life essence.
You have superior vitality. (+4 MHP)


Message History

Casting: Foxfire (safe; 5% risk of failure)
Press: ? - help, Q - select action, (/) - cycle Dir - look around, f - activate You conjure some foxfire!
The foxfire hits the bat.
You kill the bat!
The foxfire hits the goblin.
The goblin is moderately wounded.
Casting: Foxfire (safe; 5% risk of failure)
Press: ? - help, Q - select action, (/) - cycle Dir - look around, f - activate You conjure some foxfire!
The goblin misses you.
The foxfire hits the goblin.
You kill the goblin!
Your foxfire dissipates!
b - a scroll labelled TOTUPOMIXT You see here a +0 whip.
You see here a +0 club.
You aren't carrying any potions.
Unknown command.
A rat comes into view.
The rat squeaks loudly.
Casting: Foxfire (safe; 5% risk of failure)
Press: ? - help, Q - select action, (/) - cycle Dir - look around, f - activate You conjure some foxfire!
The rat bites you.
The foxfire hits the rat.
You kill the rat!
Your foxfire dissipates!
Found a cloak.
There is a shaft here.
A hobgoblin comes into view.
Found a stone staircase leading down.
The hobgoblin attacks as it pursues you!
The hobgoblin closely misses you. The hobgoblin hits you.
The hobgoblin attacks as it pursues you!
The hobgoblin hits you.
There is a shaft here.
The hobgoblin falls through a shaft!
The shaft crumbles and collapses.
Are you sure you want to abandon this character and quit the game? (Confirm with "yes".)

#### #### #
##...#...##
#.#.........##
#.....>......#
#............##
#..............
#.#####.#######
#.#....@.......
#.#.#######+### ##
#.#.#.. .#
#.#.#.###########.#
#.#.#.#.........#.#
#.#.#.#.###.###.#.#
#.#.#.#.#.....#.#.#
#..[#...#..<..#...#
#.#.#.#.#.....#.#.#


There were no monsters in sight!

Vanquished Creatures
  A bat (D:1)
  A quokka (D:1)
  A goblin (D:1)
  A rat (D:1)
4 creatures vanquished.

Vanquished Creatures (others)
  8 foxfires (D:1)
8 creatures vanquished.

Grand Total: 12 creatures vanquished

Notes
Turn   | Place    | Note
-------+----------+-------------------------------------------
     0 | D:1      | Akhenaten the Djinni Fire Elementalist began the quest for
                  | the Orb.
     0 | D:1      | Akhenaten set off with the following spells memorised:
                  | Foxfire, Scorch, Volatile Blastmotes, Inner Flame, Flame
                  | Wave.
     0 | D:1      | Reached XP level 1. HP: 15/15 MP: 0/0
   163 | D:1      | Quit the game

Illustrated notes

Levels and vault maps discovered:
D:1:      matt_arrival_refuge, layout_rooms

Action                     || total
---------------------------++-------
   Cast: Foxfire           ||     7
 Armour: Robe              ||     5
  Dodge: Dodged            ||     6
